 Seeded DCSS version 0.31-a0-210-gccc998df9b (webtiles) character file.

Game seed: 11342892107059164510 (custom seed)

77 innerfire43 the Trooper (level 4, -3/37 HPs)
             Began as a Demonspawn Monk on June 29, 2023.
             Slain by a gnoll
             ... wielding a +0 whip
             ... led by a gnoll bouda
              (7 damage)
             ... on level 2 of the Dungeon.
             The game lasted 00:01:02 (1170 turns).

innerfire43 the Trooper (Demonspawn Monk)           Turns: 1170, Time: 00:01:02

Health: -3/37      AC:  9    Str: 13    XL:     4   Next: 14%
Magic:  4/4        EV: 13    Int: 12    God:
Gold:   67         SH:  0    Dex: 15    Spells: 3/3 levels left

rFire   . . .        a - +0 hand axe
rCold   . . .        d - orb {light}
rNeg    . . .        b - +0 robe
rPois   .            (no helmet)
rElec   .            (no cloak)
rCorr   .            (no gloves)
SInv    .            (no boots)
Will    .....        i - amulet of the acrobat
Stlth   +            h - +4 ring of protection
HPRegen 0.26/turn    (no ring)
MPRegen 0.09/turn

%: acrobat
@: glowing
A: molten scales 2, weakness stinger 1
a: no special abilities


You were on level 2 of the Dungeon.
You visited 1 branch of the dungeon, and saw 2 of its levels.

You collected 67 gold pieces.

Inventory:

Hand Weapons
 a - a +0 hand axe (weapon)
Armour
 b - a +0 robe (worn)
 d - an orb of light (worn)
Jewellery
 h - a +4 ring of protection (left hand)
 i - an amulet of the acrobat (around neck)
Scrolls
 e - a scroll of revelation {unknown}
 f - 2 scrolls of noise {unknown}
 g - a scroll of vulnerability {unknown}
 j - a scroll of identify {unknown}
 l - a scroll of brand weapon {unknown}
 m - a scroll of enchant armour {unknown}
Potions
 k - a potion of curing {unknown}


   Skills:
 * Level 3.9 Fighting
 + Level 3.1 Axes
 * Level 3.5 Dodging


You had 3 spell levels left.
You didn't know any spells.
Your spell library was empty.

Dungeon Overview and Level Annotations

Branches:
Dungeon (2/15)

Altars:


Innate Abilities, Weirdness & Mutations

You are mostly covered in molten scales. (AC +3)
You have a small tail.


Message History

The gnoll is healed somewhat.
The gnoll hits you but does no damage. The gnoll hits you with a +0 club.
The gnoll closely misses you.
You hit the gnoll but do no damage.
The gnoll is heavily wounded.
You hit the gnoll.
You hit the gnoll bouda but do no damage.
The gnoll barely misses you. The gnoll bouda closely misses you.
The gnoll hits you with a +0 club. The gnoll barely misses you. x2
The gnoll closely misses you. The gnoll bouda barely misses you.
You hit the gnoll.
The gnoll is severely wounded.
You barely miss the gnoll bouda. You hit the gnoll.
You kill the gnoll!
The gnoll hits you from afar with a +0 spear.
The gnoll misses you.
The gnoll hits you from afar with a +0 halberd.
The gnoll bouda calls upon its god to heal the gnoll.
The gnoll is healed somewhat.
The gnoll hits you from afar with a +0 spear.
* * * LOW HITPOINT WARNING * * *
You hit the gnoll but do no damage.
The gnoll is moderately wounded.
You hit the gnoll bouda but do no damage.
The gnoll hits you but does no damage. x2; The gnoll bouda misses you.
The gnoll hits you from afar with a +0 spear.
* * * LOW HITPOINT WARNING * * *
You hit the gnoll.
Your tail-slap misses the gnoll.
The gnoll is moderately wounded.
You hit the gnoll bouda but do no damage.
The gnoll is no longer moving quickly.
The gnoll hits you with a +0 whip.
* * * LOW HITPOINT WARNING * * *
The gnoll hits you from afar with a +0 halberd.
* * * LOW HITPOINT WARNING * * *
The gnoll bouda barks out a call to the hunt!
The gnolls pick up the pace!
The gnoll barely misses you.
You hit the gnoll but do no damage.
The gnoll is moderately wounded.
You barely miss the gnoll bouda. The gnoll hits you with a +0 whip!
You die...

#######......#.........
########.##.#.####......
#........##.#..# #......
#........##.##.###......
#........##.##...#......
#.....?..##.####.#......
#........##......#......
#........######......###
#.....g@.+ #......#
#.....†g)# ###....#
#...[gg..... #......
####.......... #####...
#.#......... ###
#.##.##..... .. ..#
..... ... ### .....


You could see a gnoll bouda and 3 gnolls.

Vanquished Creatures
  A gnoll (D:2)
  2 adders (D:2)
  A worm (D:2)
  3 dart slugs (D:1)
  3 bats (D:1)
  2 endoplasms
  A giant cockroach (D:1)
  5 goblins
  4 hobgoblins
  6 jackals (D:1)
  2 quokkas
  2 ball pythons (D:1)
  3 kobolds
  A rat (D:1)
36 creatures vanquished.

Notes
Turn   | Place    | Note
-------+----------+-------------------------------------------
     0 | D:1      | innerfire43 the Demonspawn Monk began the quest for the
                  | Orb.
     0 | D:1      | Reached XP level 1. HP: 18/18 MP: 1/1
    61 | D:1      | Gained mutation: You are partially covered in molten
                  | scales. (AC +2) [demonic ancestry]
    61 | D:1      | Reached XP level 2. HP: 24/24 MP: 2/2
   330 | D:1      | Gained mutation: You have a small tail. [demonic ancestry]
   330 | D:1      | Reached XP level 3. HP: 29/29 MP: 3/3
  1156 | D:2      | Gained mutation: You are mostly covered in molten scales.
                  | (AC +3) [demonic ancestry]
  1156 | D:2      | Reached XP level 4. HP: 37/37 MP: 4/4
  1170 | D:2      | Slain by a gnoll

Illustrated notes

Levels and vault maps discovered:
D:1:      ldierk_walled_garden, layout_basic
D:2:      layout_basic, ebering_ecumenical_altar_hall

Skill      XL: |  1  2  3 |
---------------+----------+-----
Dodging        | 3 |  3.5
Axes           | 3 |  3.1
Fighting       | |  3.9

Action                     |  1- 3 |  4- 6 || total
---------------------------+-------+-------++-------
  Melee: Hand axe          |   113 |    13 ||   126
         Tailslap          |     8 |     1 ||     9
    Use: Potion            |       |     1 ||     1
 Armour: Robe              |    37 |    12 ||    49
  Dodge: Dodged            |    86 |    32 ||   118

Table legend: (Time is in decaauts)
 A = Elapsed time spent in this place.
 B = Non-inter-level travel time spent in this place.
 C = Inter-level travel time spent in this place.
 D = Time resting spent in this place.
 E = Time spent auto-exploring this place.
 F = Levels seen in this place.
 G = Mean time per level.
                   A        B        C        D        E       F      G
               +--------+--------+--------+--------+--------+-----+--------+
         Total |   1189 |   1142 |     47 |      0 |    893 |   2 |  594.5 |
       Dungeon |   1189 |   1142 |     47 |      0 |    893 |   2 |  594.5 |
               +--------+--------+--------+--------+--------+-----+--------+

Top non-repeatable levels by time:
     D:1: 901 daAuts
     D:2: 288 daAuts
